 Dungeon Crawl Stone Soup version 0.26-a0-778-g3fe0686644 (webtiles) character file.

Game seed: 910351923754451795

25 marklar909 the Conjurer (level 2, -3/20 HPs)
             Began as a Draconian Conjurer on Nov 10, 2020.
             Slain by Terence
             ... wielding a +0 hand axe
              (5 damage)
             ... on level 1 of the Dungeon.
             The game lasted 00:01:00 (802 turns).

marklar909 the Conjurer (Draconian Conjurer)         Turns: 802, Time: 00:01:01

Health: -3/20      AC:  4    Str:  9    XL:     2   Next: 82%
Magic:  1/5        EV: 12    Int: 18    God:
Gold:   75         SH:  0    Dex:  9    Spells: 2/5 levels left

rFire    . . .     SeeInvis .   (no weapon)
rCold    . . .     Faith    .   (no shield)
rNeg     . . .     Spirit   .   (armour unavailable)
rPois    .         Reflect  .   (helmet restricted)
rElec    .         Harm     .   (no cloak)
rCorr    .         Rampage  .   (no gloves)
MR       .....                  (no boots)
Stlth    ++........             (no amulet)
HPRegen  0.06/turn              (no ring)
MPRegen  0.09/turn              (no ring)

@: no status effects
A: unfitting armour, cold-blooded, AC +4
a: no special abilities


You were on level 1 of the Dungeon.
You visited 1 branch of the dungeon, and saw 2 of its levels.

You collected 75 gold pieces.

Inventory:

Jewellery
 c - an uncursed ring of see invisible {unknown}
Scrolls
 b - 2 scrolls of identify {unknown}
 d - a scroll of noise {unknown}
 e - a scroll of remove curse {unknown}
 h - a scroll of immolation {unknown}
Potions
 a - a potion of might {unknown}
 f - a potion of brilliance {unknown}
 g - a potion of ambrosia {unknown}


   Skills:
 + Level 1.8 Dodging
 + Level 2.0 Stealth
 + Level 2.1 Spellcasting
 + Level 4.7 Conjurations


You had 2 spell levels left.
You knew the following spells:

 Your Spells              Type           Power        Failure   Level
a - Magic Dart            Conj           ###.         2%          1
b - Searing Ray           Conj           ###...       4%          2

Your spell library contained the following spells:

 Spells                   Type           Power        Failure   Level
 Dazzling Flash           Conj/Hex       ##....       21%         3
 Fulminant Prism          Conj/Hex       ##........   56%         4
 Iskenderun's Mystic Bla  Conj/Tloc      ##......     56%         4


Dungeon Overview and Level Annotations

Branches:
Dungeon (2/15)

Altars:

Annotations:
D:1 Terence


Innate Abilities, Weirdness & Mutations

Your plain brown scales are hard. (AC +4)
You cannot fit into any form of body armour.
You are cold-blooded and may be slowed by cold attacks.


Message History

Press: ? - help, Shift-Dir - straight line, f - Terence
Aim: Terence, wielding a +0 hand axe and wearing a +0 chain mail (heavily wounded)
The searing ray hits Terence but does no damage.
Terence is heavily wounded. (Press . to maintain the ray.)
The searing ray hits Terence.
Terence is severely wounded.
Terence closely misses you.
Unknown command.
The searing ray hits Terence but does no damage.
Terence is severely wounded.
Terence hits you but does no damage.
The searing ray hits Terence.
Terence is almost dead.
You finish channeling your searing ray.
Terence hits you with a +0 hand axe.
* * * LOW HITPOINT WARNING * * *
Terence hits you with a +0 hand axe.
* * * LOW HITPOINT WARNING * * *
Terence hits you with a +0 hand axe.
You die...

....# ###.# #...# ##...##.. ....#
#...# #...# #)###### ....# #.###
#...# ###.# #... ....# #.#
#...####...# #.## ....## #.#
#........#####.#
.....####.#######...##....#....#
................#...##.##....####
......)#.######@#.........##....#
.......#.# #.@.###.##.######..
.......#.# ###.....#....## #..
.......#.# #......>....# #..
.......#.# ##.#.####...###..
......##.# #..#.# #........
.......#.# ###.##.# #........
.......#.### #...##.# #........
...........# ##......# ####.)....
........(..###...#######....#....


You could see Terence.

Vanquished Creatures
  2 adders (D:2)
  A bat (D:1)
  A frilled lizard (D:1)
  4 kobolds
  A rat (D:2)
9 creatures vanquished.

Notes
Turn   | Place    | Note
-------+----------+-------------------------------------------
     0 | D:1      | marklar909 the Draconian Conjurer began the quest for the
                  | Orb.
     0 | D:1      | Reached XP level 1. HP: 14/14 MP: 3/3
   439 | D:2      | Reached XP level 2. HP: 20/20 MP: 0/5
   678 | D:2      | Noticed Terence
   726 | D:1      | Learned a level 2 spell: Searing Ray
   802 | D:1      | Slain by Terence

Illustrated notes

Levels and vault maps discovered:
D:1:      dpeg_arrival_pond, layout_rooms
D:2:      layout_loops_ring, minmay_strange_pillars, uniq_crazy_yiuf_cottage,
          uniq_sigmund, uniq_terence

Skill      XL: |  1 |
---------------+----+-----
Stealth        | 2 |  2.0
Dodging        | |  1.8
Spellcasting   | |  2.1
Conjurations   | |  4.7

Action                   || total
-------------------------++-------
 Cast: Magic Dart        ||    22
       Searing Ray       ||     2
Dodge: Dodged            ||     4

Table legend: (Time is in decaauts)
 A = Elapsed time spent in this place.
 B = Non-inter-level travel time spent in this place.
 C = Inter-level travel time spent in this place.
 D = Time resting spent in this place.
 E = Time spent auto-exploring this place.
 F = Levels seen in this place.
 G = Mean time per level.
                   A        B        C        D        E       F      G
               +--------+--------+--------+--------+--------+-----+--------+
         Total |    803 |    796 |      7 |     26 |    627 |   2 |  401.5 |
       Dungeon |    803 |    796 |      7 |     26 |    627 |   2 |  401.5 |
               +--------+--------+--------+--------+--------+-----+--------+

Top non-repeatable levels by time:
     D:1: 518 daAuts
     D:2: 285 daAuts
